 Dungeon Crawl Stone Soup version 0.31-a0-1096-g246cf01 (webtiles) character file.

Game seed: 11248542569141536801

2279 rotlqkf the Arsonist (level 9, 0/55 HPs)
             Began as a Deep Elf Fire Elementalist on Nov 28, 2023.
             Was an Initiate of Vehumet.
             Slain by an orc wizard
             ... wielding a +0 dagger
              (3 damage)
             ... on level 7 of the Dungeon on Nov 29, 2023.
             The game lasted 00:41:04 (7384 turns).

rotlqkf the Arsonist (Deep Elf Fire Elementalist)   Turns: 7384, Time: 00:41:04

Health: 0/55       AC:  2    Str:  5    XL:     9   Next: 16%
Magic:  5/24       EV: 14    Int: 25    God:    Vehumet [......]
Gold:   374        SH:  0    Dex: 21    Spells: 8/14 levels left

rFire   + . .        d - staff of fire
rCold   . . .        (no shield)
rNeg    . . .        a - +0 robe
rPois   .            (no helmet)
rElec   .            e - scarf {shadows}
rCorr   .            (no gloves)
SInv    .            (no boots)
Will    .....        (no amulet)
Stlth   +++          x - ring of magical power
HPRegen 0.29/turn    C - +6 ring of dexterity
MPRegen 0.19/turn

%: no passive effects
@: lethally poisoned (0 -> -18)
A: no striking features
a: Renounce Religion


You were on level 7 of the Dungeon.
You worshipped Vehumet.
Vehumet was noncommittal.
You visited 2 branches of the dungeon, and saw 8 of its levels.
You also visited: Ossuary.

You collected 374 gold pieces.

Inventory:

Armour
 a - a +0 robe (worn)
 e - a scarf of shadows (worn)
Magical Staves
 d - a staff of fire (weapon)
Jewellery
 x - a ring of magical power (left hand)
 C - a +6 ring of dexterity (right hand)
Wands
 t - a wand of light (2)
 B - a wand of mindburst (10)
 E - a wand of flame (22)
 F - a wand of roots (9)
Scrolls
 f - 3 scrolls of immolation
 h - 3 scrolls of poison
 l - a scroll of fear
 m - 2 scrolls of torment
 r - 2 scrolls of vulnerability
 s - 2 scrolls of enchant armour
 v - 3 scrolls of teleportation
 y - a scroll of fog
 z - a scroll of revelation
 A - 3 scrolls of enchant weapon
 D - a scroll of blinking
Potions
 b - 2 potions of magic
 c - 5 potions of attraction
 g - a potion of enlightenment
 j - 2 potions of resistance {unknown}
 n - 2 potions of brilliance {unknown}
 o - a potion of ambrosia {unknown}
 p - 3 potions of degeneration {unknown}
 q - a potion of mutation {unknown}
 u - 6 potions of curing {unknown}
 w - a potion of lignification {unknown}
 G - a potion of berserk rage {unknown}


   Skills:
 - Level 6.0 Fighting
 - Level 3.6 Dodging
 - Level 4.1 Stealth
 - Level 3.0 Spellcasting
 + Level 3.1 Conjurations
 - Level 10.0 Fire Magic
 + Level 1.3 Air Magic


You had 8 spell levels left.
You knew the following spells:

 Your Spells              Type           Power      Damage    Failure   Level
a - Foxfire               Conj/Fire      100%       2x1d9     1%          1
b - Scorch                Fire           100%       2d9       1%          2
c - Swiftness             Air            10%        N/A       19%         3

Your spell library contained the following spells:

 Spells                   Type           Power      Damage    Failure   Level
 Inner Flame              Hex/Fire       43%        N/A       3%          3
 Volatile Blastmotes      Fire/Tloc      86%        2d17      3%          3
 Flame Wave               Conj/Fire      53%        2d13      7%          4
 Apportation              Tloc           6%         N/A       10%         1
 Ensorcelled Hibernation  Hex/Ice        6%         N/A       16%         2
 Jinxbite                 Hex            6%         N/A       16%         2
 Lesser Beckoning         Tloc           6%         N/A       16%         2
 Passwall                 Tmut/Erth      2%         N/A       16%         2
 Gell's Gravitas          Tloc           3%         N/A       30%         3
 Teleport Other           Tloc           3%         N/A       30%         3
 Alistair's Intoxication  Tmut/Pois      2%         N/A       95%         5


Dungeon Overview and Level Annotations

Branches:
Dungeon (7/15)             Temple (1/1) D:6         Ossuary (visited)

Altars:
Cheibriados
Dithmenos
Elyvilon
Fedhas
Gozag
Hepliaklqana
Kikubaaqudgha
Makhleb
Nemelex Xobeh
Okawaru
Qazlal
Ru
Sif Muna
Trog
Uskayaw
Vehumet
Wu Jian
Xom
Yredelemnul
Zin
The Shining One

Shops:
D:6 (

Annotations:
D:5 pikel


Message History

Press: ? - help, Shift-Dir - straight line, f - Maurice
Aim: Maurice, wielding a +0 short sword of venom, wearing a +0 cloak, quivering 2 throwing nets and carrying a wand of paralysis (almost dead, more vulnerable to fire, chance to affect: 64%) Maurice struggles to resist.
You feel very sick.
The foxfire hits the orc wizard.
The orc wizard is lightly wounded.
Maurice says, "Killing adventurers, taking their stuff.
It's what he did, it's what I do."
Maurice hits you with a +0 short sword of venom.
Maurice steals 28 gold pieces!
You now have 374 gold pieces.
You are lethally poisoned!
Maurice bites you.
* * * LOW HITPOINT WARNING * * *
You feel your power leaking away. Maurice drains your magic.
Unknown command.
Okay, then.
Okay, then.
Okay, then.
Aiming: Bolt of Light
Press: ? - help, Shift-Dir - straight line, f/p - Maurice
Aim: Maurice, wielding a +0 short sword of venom, wearing a +0 cloak, quivering 2 throwing nets and carrying a wand of paralysis (almost dead, more vulnerable to fire, 60% to hit)
The bolt of light hits Maurice!
Maurice is almost dead.
Maurice is blinded.
* * * LOW HITPOINT WARNING * * *
You feel extremely sick. The orc wizard misses you. Maurice misses you.
Maurice bites you.
* * * LOW HITPOINT WARNING * * *
You feel your power leaking away. Maurice drains your magic.
Aiming: Bolt of Light
Press: ? - help, Shift-Dir - straight line, f/p - Maurice
Aim: Maurice, wielding a +0 short sword of venom, wearing a +0 cloak, quivering 2 throwing nets and carrying a wand of paralysis (almost dead, blind, more vulnerable to fire, 60% to hit)
The bolt of light hits Maurice!
You kill Maurice!
Vehumet accepts your kill.
* * * LOW HITPOINT WARNING * * *
You feel very sick.
The orc wizard hits you with a +0 dagger.
You die...

o# #.###.# ....#.#
#.#.#.# #.#.#.# #
#.#.#)##
#.##.#o...#.#
#.....@.....#
####.#.)..###
#.#.#.###
###########...#....
#.............#..##
#.###.####.......#
#.# #............##
#.###.####.........
#.....#####...#.##


You could see an orc wizard.

Vanquished Creatures
  Pikel (D:5)
  Maurice (D:7)
  Grinder (D:6)
  Menkaure (Ossuary)
  3 ice beasts
  A black bear (D:4)
  A centaur (D:5)
  3 lemures (D:5)
  A kobold brigand (D:6)
  A scorpion (D:6)
  A howler monkey (D:6)
  3 centaur zombies (Ossuary)
  4 hounds
  A jelly (D:7)
  A human zombie (Ossuary)
  3 orc priests
  Jessica (D:2)
  A gnoll bouda (D:6)
  Ijyb (D:4)
  3 iguanas
  2 ogre zombies (Ossuary)
  6 mummies (Ossuary)
  6 adders
  7 gnolls
  A shadow imp (D:6)
  A white imp (D:6)
  2 ufetubi (D:5)
  4 adder zombies (Ossuary)
  2 dart slugs
  4 orcs
  5 bats
  13 endoplasms
  5 giant cockroaches
  8 goblins
  2 hobgoblins
  2 quokkas (D:2)
  8 ball pythons
  3 frilled lizards
  5 goblin zombies (Ossuary)
  4 hobgoblin zombies (Ossuary)
  8 kobolds
  2 kobold zombies (Ossuary)
  An orc zombie (Ossuary)
  4 quokka zombies (Ossuary)
  3 rats
  4 rat zombies (Ossuary)
145 creatures vanquished.

Vanquished Creatures (others)
  An orc (D:4)
  288 foxfires
289 creatures vanquished.

Grand Total: 434 creatures vanquished

Notes
Turn   | Place    | Note
-------+----------+-------------------------------------------
     0 | D:1      | rotlqkf the Deep Elf Fire Elementalist began the quest for
                  | the Orb.
     0 | D:1      | Reached XP level 1. HP: 10/10 MP: 6/6
   159 | D:1      | Found a faded altar of an unknown god.
   210 | D:1      | Reached skill level 1 in Fighting
   258 | D:1      | Reached XP level 2. HP: 12/16 MP: 8/8
   508 | D:1      | Learned a level 2 spell: Scorch
   722 | D:1      | Upgraded the game from 0.31-a0-1093-gadecf41 to
                  | 0.31-a0-1096-g246cf01
   918 | D:2      | Noticed Jessica
  1142 | D:2      | Reached XP level 3. HP: 21/21 MP: 5/9
  1407 | D:2      | Killed Jessica
  1408 | D:2      | Reached XP level 4. HP: 28/28 MP: 7/10
  2761 | D:4      | Found an ancient bone altar of Kikubaaqudgha.
  2802 | D:4      | Reached skill level 4 in Fire Magic
  2802 | D:4      | Reached XP level 5. HP: 25/32 MP: 5/11
  2888 | D:4      | Noticed Ijyb
  2892 | D:4      | Killed Ijyb
  2993 | D:4      | Found a sand-covered staircase.
  2998 | Ossuary  | Entered an ossuary
  3064 | Ossuary  | Reached skill level 5 in Fire Magic
  3311 | Ossuary  | Reached XP level 6. HP: 29/37 MP: 6/12
  3715 | Ossuary  | Reached skill level 6 in Fire Magic
  3949 | Ossuary  | Noticed Menkaure
  4049 | Ossuary  | Killed Menkaure
  4050 | Ossuary  | Reached XP level 7. HP: 24/42 MP: 6/13
  4510 | D:4      | Reached skill level 7 in Fire Magic
  4868 | D:5      | Entered Level 5 of the Dungeon
  5473 | D:5      | Noticed Pikel
  5483 | D:5      | Killed Pikel
  5484 | D:5      | Reached skill level 5 in Fighting
  5484 | D:5      | Reached skill level 8 in Fire Magic
  5484 | D:5      | Reached XP level 8. HP: 47/51 MP: 6/14
  6214 | D:6      | Reached skill level 9 in Fire Magic
  6472 | D:6      | Found a staircase to the Ecumenical Temple.
  6481 | Temple   | Entered the Ecumenical Temple
  6511 | Temple   | Became a worshipper of Vehumet
  6544 | D:6      | Found Hocuif Rioc's Weapon Emporium.
  6717 | D:6      | Noticed Grinder
  6732 | D:6      | Reached skill level 10 in Fire Magic
  6739 | D:6      | Killed Grinder
  6832 | D:6      | Reached XP level 9. HP: 55/55 MP: 15/15
  7145 | D:6      | Found a stormy altar of Qazlal.
  7275 | D:6      | Learned a level 3 spell: Swiftness
  7326 | D:7      | Reached skill level 1 in Air Magic
  7371 | D:7      | Noticed Maurice
  7379 | D:7      | Maurice stole 2 throwing nets
  7381 | D:7      | Maurice stole a +2 vampiric dagger
  7382 | D:7      | Maurice stole 28 gold
  7384 | D:7      | Killed Maurice
  7384 | D:7      | Slain by an orc wizard

Illustrated notes

Levels and vault maps discovered:
D:1:      minmay_arrival_shattered_statue, layout_loops_corners,
          dreamdust_ecumenical_altar_grove, minmay_tetromino_s2
D:2:      layout_basic, uniq_jessica
D:3:      layout_rooms
D:4:      layout_rooms, nicolae_kikubaaqudgha_miasma_corner, enter_ossuary_2,
          minmay_fractal_squares_gapless_5, uniq_ijyb
D:5:      layout_cave_pods, eino_small_chamber_without_monster, uniq_pikel
D:6:      layout_basic, nicolae_qazlal_general_emergency,
          minmay_temple_entry_crystal_x, serial_shops, shop, uniq_grinder
D:7:      layout_loops_ring, nicolae_benzene_ring, uniq_maggie, uniq_maurice
Temple:   nicolae_temple_bog_church

Skill      XL: |  1  2  3  4  5  6  7  8  9 |
---------------+----------------------------+-----
Fighting       | 1 2 3 5 6 |  6.0
Stealth        | 3 4 |  4.1
Fire Magic     | 4 5 6 8 10 | 10.0
Dodging        | 3 |  3.6
Conjurations   | 2 3 |  3.1
Air Magic      | 1 |  1.3
Spellcasting   | |  3.0

Action                     |  1- 3 |  4- 6 |  7- 9 || total
---------------------------+-------+-------+-------++-------
  Melee: Unarmed           |     6 |       |       ||     6
         Dagger            |    18 |       |       ||    18
         Punch             |     1 |     1 |       ||     2
         Staff             |     2 |   117 |     4 ||   123
   Cast: Foxfire           |    31 |    76 |    70 ||   177
         Scorch            |     7 |    39 |    57 ||   103
  Evoke: Wand              |       |       |     4 ||     4
    Use: Scroll            |       |       |    13 ||    13
   Stab: Sleeping          |     1 |     6 |       ||     7
 Armour: Robe              |    10 |    56 |    35 ||   101
  Dodge: Dodged            |    12 |    86 |    19 ||   117

Table legend: (Time is in decaauts)
 A = Elapsed time spent in this place.
 B = Non-inter-level travel time spent in this place.
 C = Inter-level travel time spent in this place.
 D = Time resting spent in this place.
 E = Time spent auto-exploring this place.
 F = Levels seen in this place.
 G = Mean time per level.
                   A        B        C        D        E       F      G
               +--------+--------+--------+--------+--------+-----+--------+
         Total |   7406 |   7180 |    226 |    817 |   4777 |   9 |  822.9 |
       Dungeon |   6052 |   5858 |    194 |    648 |   3943 |   7 |  864.6 |
        Temple |     34 |      2 |     32 |      0 |      0 |   1 |   34.0 |
       Ossuary |   1319 |   1319 |      0 |    169 |    834 |   1 | 1319.0 |
               +--------+--------+--------+--------+--------+-----+--------+

Top non-repeatable levels by time:
     D:5: 1412 daAuts
 Ossuary: 1319 daAuts
     D:3: 1018 daAuts
     D:6: 920 daAuts
     D:1: 890 daAuts
     D:4: 877 daAuts
     D:2: 829 daAuts
     D:7: 102 daAuts
  Temple: 34 daAuts
